AoeStats
← Kronosrex

MegaRandom

508387689Analyzed
4v4 RM · 10d ago on Sep 22, 2026· 23m 33s· 8 players
Game mode
Random Map
Map size
Large (8 player)
Population
200
Speed
Normal
Resources
Standard
Victory
Conquest
Starting age
Dark Age
Ending age
Imperial Age
RankedLock teamsTeams togetherTeam positionsShared explorationLock speedFull tech treeHidden civsTurbo modeCheats
Victory
Defeat
🇲🇽 Berbers · Mexico
860
+14
🇪🇸 Inca · Spain
834
+15
🇩🇪 Italians · Germany
803
+17
🇪🇸 Vietnamese · Spain
744
+20
🇨🇳 Wei · China
863
-18
🇹🇼 Koreans · Taiwan
833
-17
🇮🇩 Bohemians · Indonesia
827
-17
🇮🇳 Burgundians · India
750
-14
vl TWN lv
0:43 Loom
12:06 Feudal Age
13:50 Double-Bit Axe
14:06 Horse Collar
17:07 Gold Mining
21:35 Castle Age
21:50 Forging
21:46 Scale Barding Armor
22:50 Bloodlines
22:53 Heavy Plow
23:08 Bow Saw
23:49 Wheelbarrow
23:56 Husbandry
Phileas_Fogg
9:39 Feudal Age
10:58 Wheelbarrow
10:10 Double-Bit Axe
17:43 Loom
25:05 Castle Age
23:22 Stone Mining
23:26 Gold Mining
FRANSITO14
11:34 Feudal Age
10:22 Loom
13:13 Double-Bit Axe
14:01 Town Watch
13:59 Horse Collar
16:29 Gold Mining
17:19 Wheelbarrow
21:25 Castle Age
19:50 Forging
19:58 Champi Runner
22:24 Bow Saw
22:34 Champi Warrior
23:41 Squires
24:45 Gold Shaft Mining
Kronosrex
12:10 Feudal Age
12:27 Loom
13:45 Horse Collar
18:33 Castle Age
16:49 Double-Bit Axe
19:18 Heavy Plow
22:54 Wheelbarrow
23:10 Town Watch
23:41 Hand Cart
heliopopsol
0:54 Loom
13:08 Feudal Age
15:02 Wheelbarrow
15:53 Double-Bit Axe
16:33 Horse Collar
24:14 Castle Age
23:09 Arson
GandalfEzy
0:27 Loom
11:22 Feudal Age
11:54 Double-Bit Axe
13:34 Town Watch
14:31 Bow Saw
15:19 Horse Collar
22:19 Castle Age
21:12 Gold Mining
331165679
2:47 Loom
12:06 Feudal Age
13:08 Horse Collar
13:41 Double-Bit Axe
19:58 Castle Age
18:14 Gold Mining
18:14 Stone Mining
老多金仙人
3:43 Loom
10:58 Feudal Age
11:32 Double-Bit Axe
13:40 Fletching
19:18 Castle Age
18:31 Stone Mining
21:58 Bodkin Arrow
Connection lost

Rejoining the realm…

Still unreachable

The connection could not be restored.

Session expired

The server has moved on; the page needs a fresh start.